 Dungeon Crawl Stone Soup version 0.21.1-1-g345015f (webtiles) character file.

15745 budo the Covert (level 12, -5/76 (77) HPs)
             Began as a Kobold Berserker on Mar 28, 2018.
             Was a High Priest of Trog.
             Slain by a blink frog (11 damage)
             ... on level 2 of the Lair of Beasts.
             The game lasted 00:32:49 (11862 turns).

budo the Covert (Kobold Berserker)                 Turns: 11862, Time: 00:32:50

HP:   -5/76 (77)    AC:  7    Str: 14    XL:     12   Next: 61%
MP:   19/19         EV: 26    Int:  9    God:    Trog [*****.]
Gold: 714           SH:  0    Dex: 19    Spells: 11/11 levels left

rFire    . . .     SeeInvis .   b - +2 short sword (drain)
rCold    . . .     Gourm    .   (shield restricted)
rNeg     + . .     Faith    .   L - +1 robe {rN+}
rPois    .         Spirit   .   I - +0 helmet
rElec    .         Reflect  .   t - +0 cloak
rCorr    .         Harm     .   K - +0 pair of gloves
MR       .....                  g - +0 pair of boots
Stlth    ++++++....             (no amulet)
HPRegen  0.22/turn              (no ring)
MPRegen  0.16/turn              v - +2 ring of evasion

@: lethally poisoned (-5 -> -7), berserk cooldown, slowed, very slow
A: small, carnivore
a: Berserk, Trog's Hand, Brothers in Arms, Burn Spellbooks, Renounce Religion


You were on level 2 of the Lair of Beasts.
You worshipped Trog.
Trog was extremely pleased with you.
You were very full.

You visited 2 branches of the dungeon, and saw 14 of its levels.

You collected 714 gold pieces.

Inventory:

Hand Weapons
 b - a +2 short sword of draining (weapon)
 u - a +3 antimagic rapier
 y - the +3 arbalest of Quick Death {venom, rN++}
   (You found it on level 6 of the Dungeon)

   It poisons the ammo it fires.
   It greatly protects you from negative energy.
Missiles
 x - 100 bolts
Armour
 g - a +0 pair of boots (worn)
 t - a +0 cloak (worn)
 I - a +0 helmet (worn)
 K - a +0 pair of gloves (worn)
 L - a +1 robe of positive energy (worn)
Jewellery
 v - a +2 ring of evasion (right hand)
Wands
 e - a wand of polymorph (6)
 l - a wand of digging (24)
 A - a wand of paralysis (15)
 F - a wand of enslavement (12)
 O - a wand of flame (31)
 Q - a wand of random effects (18)
Scrolls
 d - 2 scrolls of noise {unknown}
 f - 4 scrolls of identify
 i - 3 scrolls of blinking
 j - 3 scrolls of immolation {unknown}
 k - 3 scrolls of fog {unknown}
 m - 8 scrolls of teleportation
 p - 8 scrolls of remove curse
 z - 2 scrolls of magic mapping {unknown}
 B - a scroll of fear
 C - a scroll of enchant armour
 D - a scroll of brand weapon
 J - a scroll of amnesia
 P - a scroll of summoning {unknown}
Potions
 a - 4 potions of flight {unknown}
 h - 8 potions of curing
 n - a potion of brilliance
 o - 2 potions of heal wounds
 q - a potion of magic
 r - 3 potions of mutation {unknown}
 s - 3 potions of haste {unknown}
 w - 2 potions of lignification
 E - 3 potions of degeneration {unknown}
 G - 2 potions of cancellation {unknown}
 M - a potion of might
Books
 N - a book of Battle

   Spells                             Type                      Level
   a - Infusion                       Charms                       1
   b - Shroud of Golubria             Charms/Translocation         2
   c - Song of Slaying                Charms                       2
   d - Spectral Weapon                Hexes/Charms                 3
   e - Regeneration                   Charms/Necromancy            3
   Trog disapproves of the use of such an item.
Miscellaneous
 H - a lightning rod (4/4)
Comestibles
 c - 23 rations


   Skills:
 * Level 10.2 Fighting
 - Level 10.0 Short Blades
 * Level 5.1 Crossbows
 - Level 1.5 Armour
 * Level 10.8 Dodging
 + Level 13.7 Stealth
 + Level 9.6 Evocations


You had 11 spell levels left.
You didn't know any spells.

Dungeon Overview and Level Annotations

Branches:
Dungeon (12/15)            Temple (0/1) D:5            Lair (2/6) D:9
 Shoals (0/4) Lair:2
  Snake: Lair:2-4    Spider: Lair:2-4       Orc: D:9-12

Altars:
Ashenzari
Elyvilon
Makhleb
Ru
Vehumet
Xom
Yredelemnul

Annotations:
D:6 CollectiveS's ghost, novice GrCj


Innate Abilities, Weirdness & Mutations

You are small and have problems with some larger weapons.
You are carnivorous and can eat meat at any time.


Message History

The blink frog completely misses you.
The blink frog blinks! x2
The blink frog hits you but does no damage.
You hit the blink frog.
The blink frog is lightly wounded.
You feel sick. The blink frog misses you.
Your troll misses the blink frog.
Your troll claws the blink frog. x2; The blink frog closely misses you.
You barely miss the blink frog.
The blink frog is moderately wounded.
The blink frog closely misses you.
Your troll bites the blink frog.
Your troll barely misses the blink frog. x2
The blink frog misses you.
You hit the blink frog. You drain the blink frog!
The blink frog is heavily wounded.
You feel sick.
Your troll bites the blink frog!!
The blink frog dies!
Trog accepts your kill. The blink frog hits you!!
* * * LOW HITPOINT WARNING * * *
The blink frog hits you!
You die...

..........######P.#...
.....................##
.........######.......##
[.........##.#.........#
............#..........(
........................
.........#####...T......
.....##### #...........
......#).# #...@F.....#
......##....###........#
##P.... #...†.#....#...
# ##... #####........##
## #.. #.....#...# .###
# #.........F ...#
#####.#.... ...####
...... ....#.# #....


You could see 2 blink frogs and a friendly troll (berserk).

Vanquished Creatures
  Snorg (D:11)
  3 two-headed ogres
  A fire crab (shapeshifter) (D:11)
  A black mamba (Lair:2)
  3 spiny frogs
  A gargoyle (D:12)
  A centaur skeleton (D:11)
  A komodo dragon (Lair:1)
  A troll (D:11)
  Prince Ribbit (D:7)
  3 hippogriffs
  3 slime creatures (D:11)
  A blink frog (Lair:2)
  A basilisk (Lair:2)
  A wyvern (D:8)
  14 yaks
  4 hogs (D:8)
  A human (D:8)
  2 vampire mosquitoes (D:11)
  2 water moccasins
  6 porcupines
  A sky beast (D:6)
  A black bear (D:7)
  An orc warrior (D:9)
  5 ice beasts
  2 necrophages
  An eye of draining (D:9)
  2 phantoms
  3 centaurs
  4 ogres
  4 crocodiles
  5 big kobolds
  9 bullfrogs
  A wyvern skeleton (D:10)
  2 scorpions
  2 wights (D:11)
  3 crimson imps
  A quasit (D:11)
  6 hounds
  A jelly (D:9)
  Crazy Yiuf (D:3)
  A bullfrog zombie (D:9)
  6 orc priests
  5 orc wizards
  Jessica (D:2)
  Natasha (thrice) (D:2)
  An iguana (D:5)
  7 worker ants
  2 hound zombies
  Robin (D:2)
  10 gnolls
  13 adders
  2 shadow imps
  4 oozes
  A worm (D:3)
  7 leopard geckos
  42 orcs
  6 giant cockroaches
  17 goblins
  8 hobgoblins
  9 jackals
  2 quokkas
  2 ball pythons
  8 bats
  4 frilled lizards
  28 kobolds
  A leopard gecko zombie (D:8)
  2 quokka skeletons
  A quokka zombie (D:9)
  10 rats
311 creatures vanquished.

Vanquished Creatures (collateral kills)
  A blink frog (Lair:2)
  3 wights (D:11)
4 creatures vanquished.

Vanquished Creatures (others)
  A plant (Lair:2)
1 creature vanquished.

Grand Total: 316 creatures vanquished

Notes
Turn   | Place    | Note
-------+----------+-------------------------------------------
     0 | D:1      | budo the Kobold Berserker began the quest for the Orb.
     0 | D:1      | Reached XP level 1. HP: 14/14 MP: 1/1
    16 | D:1      | Reached skill level 1 in Stealth
    66 | D:1      | Reached XP level 2. HP: 19/19 MP: 2/2
   172 | D:1      | Reached skill level 2 in Stealth
   360 | D:1      | Reached XP level 3. HP: 20/23 MP: 3/3
   551 | D:2      | Reached ** piety under Trog
   551 | D:2      | Reached skill level 5 in Short Blades
   551 | D:2      | Reached skill level 3 in Stealth
   574 | D:2      | Reached XP level 4. HP: 13/28 MP: 4/4
   613 | D:2      | Noticed Robin
   819 | D:2      | Killed Robin
   822 | D:2      | Noticed Jessica
   835 | D:2      | Reached skill level 4 in Stealth
   884 | D:2      | Reached XP level 5. HP: 28/32 MP: 5/5
   930 | D:2      | Found a burning altar of Makhleb.
  1256 | D:2      | Killed Jessica
  1256 | D:2      | Reached *** piety under Trog
  1335 | D:2      | Reached skill level 5 in Stealth
  1447 | D:2      | Noticed Natasha
  1453 | D:2      | Killed Natasha
  1453 | D:2      | Reached XP level 6. HP: 37/37 MP: 6/6
  1566 | D:2      | Noticed Natasha
  1571 | D:2      | Killed Natasha
  1609 | D:2      | Noticed Natasha
  1621 | D:2      | Killed Natasha
  2041 | D:3      | Found a shimmering altar of Xom.
  2042 | D:3      | Found a shimmering altar of Xom.
  2075 | D:3      | Reached skill level 6 in Stealth
  2137 | D:3      | Found a shimmering altar of Xom.
  2137 | D:3      | Found a shimmering altar of Xom.
  2141 | D:3      | Found a shimmering altar of Xom.
  2142 | D:3      | Found a shimmering altar of Xom.
  2144 | D:3      | Found a shimmering altar of Xom.
  2144 | D:3      | Found a shimmering altar of Xom.
  2144 | D:3      | Found a shimmering altar of Xom.
  2146 | D:3      | Found a shimmering altar of Xom.
  2213 | D:3      | Found a runed door.
  2770 | D:3      | Noticed Crazy Yiuf
  2776 | D:3      | Killed Crazy Yiuf
  2866 | D:4      | Reached XP level 7. HP: 41/41 MP: 7/7
  2937 | D:4      | Reached **** piety under Trog
  3013 | D:4      | Reached skill level 7 in Stealth
  3258 | D:4      | Reached skill level 8 in Stealth
  3258 | D:4      | Reached XP level 8. HP: 46/46 MP: 8/8
  3541 | D:5      | Entered Level 5 of the Dungeon
  3888 | D:5      | Found a staircase to the Ecumenical Temple.
  4023 | D:5      | Found a sacrificial altar of Ru.
  4357 | D:5      | Reached skill level 9 in Stealth
  4501 | D:6      | Got a crude arbalest
  4503 | D:6      | Identified the cursed +3 arbalest of Quick Death {venom, rN++} (You found it on level 6 of the Dungeon)
  4793 | D:6      | Reached skill level 10 in Short Blades
  4851 | D:6      | Reached skill level 10 in Stealth
  4851 | D:6      | Reached skill level 1 in Evocations
  4918 | D:6      | Reached XP level 9. HP: 24/52 MP: 8/10
  4930 | D:6      | HP: 2/78 [something/magic dart (6)]
  5303 | D:6      | Received a gift from Trog
  5353 | D:6      | Reached skill level 1 in Crossbows
  5422 | D:6      | Noticed CollectiveS's ghost (novice GrCj)
  5472 | D:7      | Noticed Prince Ribbit
  5475 | D:7      | Killed Prince Ribbit
  5475 | D:7      | Reached skill level 5 in Fighting
  5492 | D:7      | Noticed a hippogriff
  5585 | D:7      | Reached ***** piety under Trog
  5701 | D:7      | Reached skill level 5 in Dodging
  6309 | D:8      | Noticed a two-headed ogre
  6332 | D:8      | Killed a two-headed ogre
  6332 | D:8      | Reached skill level 5 in Evocations
  6332 | D:8      | Reached XP level 10. HP: 58/59 MP: 13/13
  6519 | D:8      | Reached skill level 11 in Stealth
  7014 | D:8      | Found a shattered altar of Ashenzari.
  7688 | D:9      | Found a staircase to the Lair.
  7720 | D:9      | Noticed a two-headed ogre
  7724 | D:9      | Killed a two-headed ogre
  7724 | D:9      | Reached skill level 12 in Stealth
  7724 | D:9      | Reached XP level 11. HP: 66/66 MP: 16/16
  8106 | D:9      | Found a basalt altar of Yredelemnul.
  8107 | D:9      | Found a radiant altar of Vehumet.
  8108 | D:9      | Found a shattered altar of Ashenzari.
  8110 | D:9      | Found a white marble altar of Elyvilon.
  8279 | D:10     | Entered Level 10 of the Dungeon
  8727 | D:10     | Received a gift from Trog
  9174 | D:11     | Noticed a fire crab
  9191 | D:11     | Killed a fire crab
  9412 | D:11     | Noticed a two-headed ogre
  9423 | D:11     | Killed a two-headed ogre
  9490 | D:11     | Reached skill level 13 in Stealth
  9766 | D:11     | Noticed Snorg
  9834 | D:11     | Killed Snorg
 10043 | D:11     | Reached XP level 12. HP: 75/75 MP: 18/18
 10470 | D:12     | Noticed a death knight
 10560 | D:11     | Reached skill level 10 in Dodging
 10658 | Lair:1   | Entered Level 1 of the Lair of Beasts
 11697 | Lair:2   | Found a staircase to the Shoals.
 11745 | Lair:2   | Received a gift from Trog
 11745 | Lair:2   | Reached skill level 10 in Fighting
 11849 | Lair:2   | Reached skill level 5 in Crossbows
 11862 | Lair:2   | Slain by a blink frog

Skill      XL: |  1  2  3  4  5  6  7  8  9 10 11 12 |
---------------+-------------------------------------+-----
Stealth        | 1 2 3 4 5 6 8 10 12 13 | 13.7
Short Blades   | 5 6 7 8 10 | 10.0
Evocations     | 1 5 7 9 |  9.6
Dodging        | 3 6 7 9 10 | 10.8
Fighting       | 6 7 9 10 | 10.2
Crossbows      | 2 3 5 |  5.1
Armour         | |  1.5

Action                   |  1- 3 |  4- 6 |  7- 9 | 10-12 || total
-------------------------+-------+-------+-------+-------++-------
Melee: Short sword       |    83 |   203 |   264 |   644 ||  1194
 Fire: Arbalest          |       |       |       |     3 ||     3
Invok: Berserk           |     3 |     8 |    15 |    28 ||    54
       Brothers in Arms  |       |       |       |     2 ||     2
  Use: Potion            |     2 |     1 |     1 |     1 ||     5
       Scroll            |       |       |     4 |     9 ||    13
 Stab: Sleeping          |     2 |    19 |    19 |    27 ||    67
       Distracted        |       |     1 |     3 |     1 ||     5
  Eat: Chunk             |     9 |    14 |    24 |    45 ||    92
Armor: Animal skin       |    13 |    19 |    18 |       ||    50
       Robe              |       |       |       |    30 ||    30
Dodge: Dodged            |    75 |   102 |   113 |   404 ||   694
